 Dungeon Crawl Stone Soup version 0.26-a0-667-g92642533e4 (webtiles) character file.

Game seed: 8519637940968351189

158 Notrik the Skirmisher (level 5, -2/50 HPs)
             Began as a Minotaur Fighter on Oct 16, 2020.
             Slain by Sigmund
             ... wielding a +2 scythe of freezing
              (8 damage)
             ... on level 3 of the Dungeon.
             The game lasted 00:02:57 (2173 turns).

Notrik the Skirmisher (Minotaur Fighter)            Turns: 2173, Time: 00:02:57

Health: -2/50      AC:  7    Str: 22    XL:     5   Next: 16%
Magic:  4/4        EV:  7    Int:  5    God:
Gold:   112        SH:  0    Dex:  9    Spells: 4/4 levels left

rFire    . . .     SeeInvis .   a - +0 long sword
rCold    . . .     Faith    .   c - +0 kite shield
rNeg     . . .     Spirit   .   b - +0 scale mail
rPois    .         Reflect  .   (helmet restricted)
rElec    .         Harm     .   (no cloak)
rCorr    .         Rampage  .   (no gloves)
MR       .....                  (no boots)
Stlth    ..........             (no amulet)
HPRegen  0.16/turn              (no ring)
MPRegen  0.09/turn              (no ring)

@: confused
A: retaliatory headbutt, horns 2
a: no special abilities


You were on level 3 of the Dungeon.
You visited 1 branch of the dungeon, and saw 3 of its levels.

You collected 112 gold pieces.

Inventory:

Hand Weapons
 a - a +0 long sword (weapon)
Armour
 b - a +0 scale mail (worn)
 c - a +0 kite shield (worn)
Scrolls
 f - a scroll of identify {unknown}
 g - a scroll of enchant armour {unknown}
 h - a scroll of remove curse {unknown}
 i - a scroll of magic mapping {unknown}
 k - a scroll of fog {unknown}
 l - 4 scrolls of teleportation {unknown}
 n - a scroll of fear {unknown}
Potions
 d - 2 potions of might
 e - 2 potions of stabbing {unknown}
 j - a potion of mutation {unknown}
 m - a potion of degeneration {unknown}


   Skills:
 * Level 5.6 Fighting
 - Level 2.4 Long Blades
 + Level 4.7 Armour
 + Level 4.7 Shields


You had 4 spell levels left.
You didn't know any spells.
Your spell library was empty.

Dungeon Overview and Level Annotations

Branches:
Dungeon (3/15)

Altars:

Annotations:
D:3 2 transporters, Necrophagist's ghost, novice DrIE; Sigmund


Innate Abilities, Weirdness & Mutations

You reflexively headbutt those who attack you in melee.
You have a pair of horns on your head.


Message History

Found a chain mail.
There is an open door here.
Found a helmet and 22 arrows.
There is an open door here.
Found 26 sling bullets and a whip.
Found 17 arrows.
Found a short sword.
Sigmund the Dreaded comes into view.
He is wielding a +2 scythe of freezing.
Sigmund shouts!
Sigmund hits you from afar with a +2 scythe of freezing.
Sigmund freezes you.
Sigmund hits you with a +2 scythe of freezing!
Sigmund freezes you.
You hit Sigmund. Sigmund hits you but does no damage.
You closely miss Sigmund.
Sigmund casts a spell.
Sigmund flickers and vanishes!
Deactivating autopickup; reactivate with Ctrl-A.
You closely miss something. You headbutt something. You closely miss something.
Your headbutt misses something. Something hits you but does no damage.
You hear some strange, mumbled words.
A puff of flame appears from out of thin air!
The puff of flame hits you!
You barely miss something.
You hear some strange, mumbled words.
You are confused.
Something hits you.
* * * LOW HITPOINT WARNING * * *
Something freezes you.
* * * LOW HITPOINT WARNING * * *
You miss something. Something hits you but does no damage.
Something hits you but does no damage.
Unknown command.
A kobold comes into view.
Necrophagist's ghost turns its malevolent gaze towards you.
The kobold shouts!
Something hits you!
* * * LOW HITPOINT WARNING * * *
Something freezes you.
* * * LOW HITPOINT WARNING * * *
The kobold throws a stone.
The stone hits you but does no damage.
You see here a stone.
Something completely misses you.
Necrophagist's ghost says, "An ice sculpture of you would look very nice here."
You see here a short sword.
You're too confused to move!
Something hits you!
You die...

####...##.#.....©.....#.
#.#.##.#..##. ##..#.
#.#....#..# . #..#.
#.###..#..##..
#...#..#ZZ....
#.#..#ZZ.W..
##....#######
#...........©
#...@(.......
#....#.......
#............
#............
K.....##...... ..#....#
#..... ...#....# ###.#
.. ..#### .#


You could see Necrophagist's ghost, a quokka zombie, 2 worker ant zombies, a
kobold and a water moccasin skeleton.

Vanquished Creatures
  An orc wizard (D:3)
  2 gnolls
  2 adders (D:2)
  A white imp (D:3)
  2 oozes
  2 worms
  A dart slug (D:1)
  A leopard gecko (D:1)
  8 orcs
  5 giant cockroaches
  6 goblins
  4 hobgoblins (D:2)
  2 jackals (D:1)
  7 kobolds
  A ball python (D:2)
  6 bats
  4 frilled lizards
  8 rats
63 creatures vanquished.

Notes
Turn   | Place    | Note
-------+----------+-------------------------------------------
     0 | D:1      | Notrik the Minotaur Fighter began the quest for the Orb.
     0 | D:1      | Reached XP level 1. HP: 19/19 MP: 0/0
   118 | D:1      | Reached skill level 4 in Fighting
   118 | D:1      | Reached XP level 2. HP: 27/27 MP: 1/1
   537 | D:1      | Reached XP level 3. HP: 34/34 MP: 2/2
  1192 | D:2      | Reached XP level 4. HP: 41/41 MP: 3/3
  1276 | D:2      | Reached skill level 5 in Fighting
  1796 | D:3      | Reached XP level 5. HP: 45/48 MP: 4/4
  2133 | D:3      | Found a transporter.
  2160 | D:3      | Noticed Sigmund
  2171 | D:3      | Found a transporter.
  2171 | D:3      | Noticed Necrophagist's ghost (novice DrIE)
  2173 | D:3      | Slain by Sigmund

Illustrated notes

Levels and vault maps discovered:
D:1:      psy_arrival_dodecagon, layout_loops_corners, serial_bayou_pond_a,
          chequers_hall_statues_y
D:2:      layout_loops_ring, grunt_ministairs_14
D:3:      layout_rooms, gammafunk_ghost_mausoleum,
          minmay_fractal_squares_diagonal_5, uniq_sigmund

Skill      XL: |  1  2  3  4 |
---------------+-------------+-----
Fighting       | 4 5 |  5.6
Armour         | 4 |  4.7
Shields        | 4 |  4.7
Long Blades    | |  2.4

Action                   |  1- 3 |  4- 6 || total
-------------------------+-------+-------++-------
Melee: Long sword        |    77 |    74 ||   151
       Headbutt          |     8 |    12 ||    20
Armor: Scale mail        |    34 |    33 ||    67
Dodge: Dodged            |    20 |    23 ||    43
Block: Kite shield       |    39 |    41 ||    80
       Rpst.: Long sword |    11 |    10 ||    21

Table legend: (Time is in decaauts)
 A = Elapsed time spent in this place.
 B = Non-inter-level travel time spent in this place.
 C = Inter-level travel time spent in this place.
 D = Time resting spent in this place.
 E = Time spent auto-exploring this place.
 F = Levels seen in this place.
 G = Mean time per level.
                   A        B        C        D        E       F      G
               +--------+--------+--------+--------+--------+-----+--------+
         Total |   2228 |   2116 |    112 |    320 |   1402 |   3 |  742.7 |
       Dungeon |   2228 |   2116 |    112 |    320 |   1402 |   3 |  742.7 |
               +--------+--------+--------+--------+--------+-----+--------+

Top non-repeatable levels by time:
     D:2: 1114 daAuts
     D:1: 888 daAuts
     D:3: 225 daAuts
